AoeStats
← 915894585

MegaRandom

520136734Analyzed
1v1 RM · 6d ago on Nov 10, 2026· 21m 36s· 2 players
Game mode
Random Map
Map size
Tiny (2 player)
Population
200
Speed
Normal
Resources
Standard
Victory
Conquest
Starting age
Dark Age
Ending age
Imperial Age
RankedLock teamsTeams togetherTeam positionsShared explorationLock speedFull tech treeHidden civsTurbo modeCheats
Victory
Defeat
🇨🇳 Spanish · China
580
+13
vs
🇮🇹 Sicilians · Italy
524
-13
vadimzaharkiv0
14:47 Feudal Age
915894585
0:30 Loom
12:18 Feudal Age
12:48 Double-Bit Axe
12:46 Horse Collar
16:03 Man-at-Arms
19:55 Castle Age
18:02 Stone Mining
18:20 Man-at-Arms
19:34 Fletching
Connection lost

Rejoining the realm…

Still unreachable

The connection could not be restored.

Session expired

The server has moved on; the page needs a fresh start.